 Dungeon Crawl Stone Soup version 0.27.0-1-g7a089689b8 (webtiles) character file.

Game seed: 3304370985116070461

19 Thatpatchoflichen the Ogre Mage (level 2, 0/24 HPs)
             Began as an Ogre Hedge Wizard on Aug 7, 2021.
             Slain by a worm (11 damage)
             ... on level 2 of the Dungeon.
             The game lasted 00:04:11 (1520 turns).

Thatpatchoflichen the Ogre Mage (Ogre Hedge Wizard) Turns: 1520, Time: 00:04:12

Health: 0/24       AC:  3    Str: 13    XL:     2   Next: 75%
Magic:  4/7        EV:  9    Int: 15    God:
Gold:   101        SH:  0    Dex:  8    Spells: 5/10 levels left

rFire    . . .     SeeInvis .   a - +0 dagger
rCold    . . .     Faith    .   (no shield)
rNeg     . . .     Spirit   .   b - +0 robe
rPois    .         Reflect  .   c - +0 hat
rElec    .         Harm     .   (no cloak)
rCorr    .         Rampage  .   (gloves unavailable)
Will     +....                  (boots unavailable)
Stlth    +.........             (no amulet)
HPRegen  0.08/turn              i - ring of willpower
MPRegen  0.10/turn              (no ring)

@: no status effects
A: large, unfitting armour, tough skin 1
a: no special abilities


You were on level 2 of the Dungeon.
You visited 1 branch of the dungeon, and saw 3 of its levels.

You collected 101 gold pieces.

Inventory:

Hand Weapons
 a - a +0 dagger (weapon)
Missiles
 e - 19 poisoned darts
Armour
 b - a +0 robe (worn)
 c - a +0 hat (worn)
 h - +0 pearl dragon scales
Jewellery
 i - a ring of willpower (left hand)
Scrolls
 d - a scroll of blinking {unknown}
 f - a scroll of identify {unknown}
 g - a scroll of fear {unknown}
 j - a scroll of brand weapon {unknown}
Potions
 k - a potion of flight {unknown}


   Skills:
 - Level 2.0 Dodging
 - Level 1.4 Stealth
 * Level 4.5 Spellcasting
 - Level 0.8 Conjurations
 - Level 0.8 Summonings
 - Level 0.8 Translocations


You had 5 spell levels left.
You knew the following spells:

 Your Spells              Type           Power      Damage    Failure   Level
a - Magic Dart            Conj           20%        1d4       12%         1
b - Call Imp              Summ           5%         N/A       19%         2
c - Blink                 Tloc           N/A        N/A       19%         2

Your spell library contained the following spells:

 Spells                   Type           Power      Damage    Failure   Level
 Slow                     Hex            3%         N/A       26%         2
 Conjure Flame            Conj/Fire      4%         6-21      41%         3
 Mephitic Cloud           Conj/Pois/Air  4%         N/A       43%         3


Dungeon Overview and Level Annotations

Branches:
Dungeon (3/15)

Altars:


Innate Abilities, Weirdness & Mutations

You are too large for most types of armour.
You have tough skin. (AC +1)


Message History

Magic restored.
A worm is nearby!
Aiming: Magic Dart (safe; 12% risk of failure)
Press: ? - help, Q - select action, (/) - cycle Shift-Dir - straight line, f - worm
Aim: a worm (wandering, hasn't noticed you, 100% to hit)
The magic dart hits the worm.
The worm is lightly wounded.
Aiming: Magic Dart (safe; 12% risk of failure)
Press: ? - help, Q - select action, (/) - cycle Shift-Dir - straight line, f/p - worm
Aim: a worm (100% to hit)
The magic dart hits the worm but does no damage.
Aiming: Magic Dart (safe; 12% risk of failure)
Press: ? - help, Q - select action, (/) - cycle Shift-Dir - straight line, f/p - worm
Aim: a worm (100% to hit)
The magic dart hits the worm.
The worm is lightly wounded.
Aiming: Magic Dart (safe; 12% risk of failure)
Press: ? - help, Q - select action, (/) - cycle Shift-Dir - straight line, f/p - worm
Aim: a worm (100% to hit)
The magic dart hits the worm.
The worm is lightly wounded.
You hit the worm.
The worm is lightly wounded.
You hit the worm.
The worm is moderately wounded.
The worm bites you.
You hit the worm but do no damage.
The worm is moderately wounded.
The worm bites you!
You hit the worm.
The worm is moderately wounded.
You hit the worm.
The worm is heavily wounded.
The worm closely misses you.
You hit the worm but do no damage.
The worm is heavily wounded.
You hit the worm.
The worm is severely wounded.
The worm bites you!
You die...

.......### #............#
.....)..#######.####....####
..<..w...............####
........#####...#....#####
........# . #.##.....#
........# ##.######.#
.......## #..# #......# #.##
######....# #@# ##..## #.w#
#.# ..... ......#....
.#####...... # ........
#........ #.........


You could see a worm.

Vanquished Creatures
  2 ball pythons (D:1)
  A bat (D:1)
  2 endoplasms (D:1)
  A giant cockroach (D:2)
  A goblin (D:2)
  3 hobgoblins
  A frilled lizard (D:1)
  2 kobolds (D:1)
  6 rats
19 creatures vanquished.

Notes
Turn   | Place    | Note
-------+----------+-------------------------------------------
     0 | D:1      | Thatpatchoflichen the Ogre Hedge Wizard began the quest for
                  | the Orb.
     0 | D:1      | Reached XP level 1. HP: 16/16 MP: 5/5
   383 | D:1      | Reached skill level 4 in Spellcasting
   407 | D:1      | Reached XP level 2. HP: 24/24 MP: 0/7
   673 | D:1      | Found a faded altar of an unknown god.
  1452 | D:2      | Learned a level 2 spell: Call Imp
  1455 | D:2      | Learned a level 2 spell: Blink
  1520 | D:2      | Slain by a worm

Illustrated notes

Levels and vault maps discovered:
D:1:      minmay_arrival_checkered_box, layout_rooms, basic_ecumenical_altar
D:2:      layout_rooms
D:3:      layout_loops_ring, mainiacjoe_overflow_big_doors, st_stairs_1

Skill      XL: |  1 |
---------------+----+-----
Dodging        | 2 |  2.0
Spellcasting   | 4 |  4.5
Stealth        | |  1.4
Conjurations   | |  0.8
Summonings     | |  0.8
Translocations | |  0.8

Action                   || total
-------------------------++-------
Melee: Dagger            ||    57
 Cast: Magic Dart        ||    28
 Stab: Sleeping          ||     1
Armor: Robe              ||    16
Dodge: Dodged            ||    26
